[Event "SRB-chT Men 1st League 2019"]
[Site "Subotica"]
[Date "2019.08.23"]
[Round "2.4"]
[White "Cabarkapa, Novak"]
[Black "Stojanovic, Mihajlo"]
[Result "1/2-1/2"]
[ECO "C11"]
[WhiteElo "2434"]
[BlackElo "2475"]
[Annotator "ChessBase"]
[PlyCount "68"]
[EventDate "2019.08.23"]
[EventType "team-tourn"]
[EventCountry "SRB"]
[SourceTitle "playchess.com"]
[Source "ChessBase"]
[SourceQuality "1"]
[TimeControl "40/5400+30:1800+30"]

1. e4 e6 2. d4 d5 3. Nc3 Nf6 4. e5 Nfd7 5. f4 c5 6. Nf3 Nc6 7. Be3 a6 8. Qd2 b5 9. h4 Bb7 10. h5 b4 11. Ne2 Qc7 12. Ng3 Be7 13. Be2 Rc8 14. Kf2 cxd4 15. Nxd4 Nxd4 16. Bxd4 Qxc2 17. Qxc2 Rxc2 18. Rac1 Rxc1 19. Rxc1 Kd8 20. Bg4 Re8 21. Ne2 Bf8 22. Ba7 f5 23. Bf3 Ke7 24. Rc7 Bc8 25. Nd4 Kf7 26. Bd1 Be7 27. Ba4 Rd8 28. Nc6 Rg8 29. Na5 Bd8 30. Rxc8 Bh4+ 31. g3 Rxc8 32. gxh4 Nc5 33. Bxc5 Rxc5 34. Nb7 Rc1 1/2-1/2

[Event "SRB-chT Men 1st League 2019"]
[Site "Subotica"]
[Date "2019.08.23"]
[Round "2.5"]
[White "Vucinic, Gojko"]
[Black "Lukovic, Vladimir"]
[Result "0-1"]
[ECO "C18"]
[WhiteElo "2396"]
[BlackElo "2420"]
[Annotator "NA"]
[PlyCount "78"]
[EventDate "2019.08.23"]
[EventType "team-tourn"]
[EventCountry "SRB"]
[SourceTitle "playchess.com"]
[Source "ChessBase"]
[SourceQuality "1"]
[TimeControl "40/5400+30:1800+30"]

1. e4 e6 2. d4 d5 3. Nc3 Bb4 4. e5 c5 5. a3 Bxc3+ 6. bxc3 Qa5 7. Bd2 Qa4 8. Qb1 c4 9. h4 Nc6 10. h5 h6 11. Nf3 Nge7 12. g3 Bd7 13. Bf4 O-O-O 14. Kd2 Kb8 15. Bh3 Nc8 16. Qe1 Nb6 17. Qe3 Qa5 18. g4 Na4 19. g5 hxg5 20. Bxg5 Rdf8 21. Bf1 f5 22. Rh4 Be8 23. h6 gxh6 24. Bf6 Rhg8 25. Be2 Bh5 26. Ng1 Rxg1 27. Rxg1 Bxe2 28. Kxe2 Nxc3+ 29. Kf3 Qxa3 30. Rg7 Qb2 31. Rxh6 Qxc2 32. Rhh7 b6 33. Qh6 Rc8 34. Rb7+ Ka8 35. Rbc7 Rxc7 36. Rxc7 Nxd4+ 37. Kg2 Qe4+ 38. Kh2 Nf3+ 39. Kh1 Nh4+ 0-1

[Event "SRB-chT Men 1st League 2019"]
[Site "Subotica"]
[Date "2019.08.23"]
[Round "2.6"]
[White "Zegarac, Vuk"]
[Black "Damjanovic, Vuk"]
[Result "1-0"]
[ECO "D00"]
[WhiteElo "2310"]
[BlackElo "2246"]
[Annotator "NA"]
[PlyCount "86"]
[EventDate "2019.08.23"]
[EventType "team-tourn"]
[EventCountry "SRB"]
[SourceTitle "playchess.com"]
[Source "ChessBase"]
[SourceQuality "1"]
[TimeControl "40/5400+30:1800+30"]

1. d4 d5 2. Bf4 c5 3. e3 Nc6 4. c3 Nf6 5. Nd2 cxd4 6. exd4 Bf5 7. Ngf3 e6 8. Qb3 Qc8 9. Nh4 Be4 10. Nxe4 Nxe4 11. Bd3 Bd6 12. Bxd6 Nxd6 13. Nf3 O-O 14. O-O b5 15. a4 bxa4 16. Rxa4 Qc7 17. Rfa1 f5 18. Ra6 Nb8 19. R6a3 Nc6 20. Qd1 Kh8 21. Qe2 Ne4 22. Bb5 Nd8 23. Ne5 Nf7 24. Nd3 Nfd6 25. Ba6 Rfe8 26. f3 Ng5 27. Nb4 Ngf7 28. Bd3 Qb7 29. Qf2 e5 30. Ba6 Qd7 31. Nxd5 e4 32. f4 Qc6 33. Ne3 Qb6 34. Bf1 a5 35. b4 a4 36. Rxa4 Rxa4 37. Rxa4 Qc6 38. Ra3 Rb8 39. Qa2 g5 40. Qe6 Qc8 41. Qf6+ Kg8 42. fxg5 f4 43. Qxf4 Qe6 1-0

[Event "SRB-chT Men 1st League 2019"]
[Site "Subotica"]
[Date "2019.08.23"]
[Round "2.8"]
[White "Pap, Misa"]
[Black "Nenezic, Marko"]
[Result "0-1"]
[ECO "B22"]
[WhiteElo "2454"]
[BlackElo "2522"]
[Annotator "ChessBase"]
[PlyCount "96"]
[EventDate "2019.08.23"]
[EventType "team-tourn"]
[EventCountry "SRB"]
[SourceTitle "playchess.com"]
[Source "ChessBase"]
[SourceQuality "1"]
[TimeControl "40/5400+30:1800+30"]

1. e4 c5 2. c3 d5 3. exd5 Qxd5 4. Nf3 Nf6 5. Na3 Nc6 6. Bc4 Qd8 7. O-O e6 8. Nc2 a6 9. Re1 b5 10. Bf1 Be7 11. d4 Bb7 12. Bg5 cxd4 13. Ncxd4 Nxd4 14. Nxd4 O-O 15. a4 b4 16. c4 Qa5 17. Qc1 Rfd8 18. Nb3 Qf5 19. Bf4 Ne4 20. f3 Nc5 21. Nxc5 Bxc5+ 22. Be3 Bd6 23. Bf2 Rac8 24. b3 Qh5 25. Bg3 Bc5+ 26. Kh1 Bd4 27. Ra2 Bc3 28. Re3 Rd7 29. Be2 Rcd8 30. Rxc3 bxc3 31. Qxc3 Qf5 32. Qe1 e5 33. h3 e4 34. fxe4 Qxe4 35. Qf1 Qe3 36. Kh2 Qxb3 37. Ra1 Rd2 38. Bf4 Ra2 39. Rb1 Rb2 40. Rxb2 Qxb2 41. c5 Qf6 42. Qc1 h6 43. Bg3 Qe6 44. Qb2 Bc6 45. Bxa6 Bxg2 46. Qb6 Qxh3+ 47. Kg1 Rd2 48. Qb8+ Kh7 0-1

[Event "SRB-chT Men 1st League 2019"]
[Site "Subotica"]
[Date "2019.08.23"]
[Round "2.9"]
[White "Radovanovic, Mihajlo"]
[Black "Lajthajm, Borko"]
[Result "1-0"]
[ECO "D46"]
[WhiteElo "2496"]
[BlackElo "2414"]
[Annotator "ChessBase"]
[PlyCount "55"]
[EventDate "2019.08.23"]
[EventType "team-tourn"]
[EventCountry "SRB"]
[SourceTitle "playchess.com"]
[Source "ChessBase"]
[SourceQuality "1"]
[TimeControl "40/5400+30:1800+30"]

1. Nf3 d5 2. c4 c6 3. d4 Nf6 4. Nc3 e6 5. e3 Nbd7 6. Qc2 Bd6 7. Bd3 O-O 8. O-O dxc4 9. Bxc4 e5 10. Bb3 Qe7 11. h3 a5 12. a3 Bb8 13. Bd2 Nb6 14. dxe5 Bxe5 15. Nxe5 Qxe5 16. f4 Qc5 17. Nd5 Qxc2 18. Nxf6+ gxf6 19. Bxc2 Nc4 20. Bc3 Re8 21. Rae1 Rxe3 22. f5 Kg7 23. Bb3 Rxc3 24. bxc3 Nd2 25. Rf4 Nxb3 26. Re8 b5 27. Rg4+ Kh6 28. Reg8 1-0

[Event "SRB-chT Men 1st League 2019"]
[Site "Subotica"]
[Date "2019.08.23"]
[Round "2.10"]
[White "Arsovic, Zoran"]
[Black "Vuckovic, Bojan"]
[Result "1/2-1/2"]
[ECO "A16"]
[WhiteElo "2370"]
[BlackElo "2581"]
[Annotator "ChessBase"]
[PlyCount "42"]
[EventDate "2019.08.23"]
[EventType "team-tourn"]
[EventCountry "SRB"]
[SourceTitle "playchess.com"]
[Source "ChessBase"]
[SourceQuality "1"]
[TimeControl "40/5400+30:1800+30"]

1. Nf3 Nf6 2. c4 g6 3. Nc3 d5 4. cxd5 Nxd5 5. d3 Bg7 6. Bd2 O-O 7. g3 e5 8. Bg2 Ne7 9. Qc1 Nbc6 10. Bh6 Bg4 11. O-O Qd7 12. Bxg7 Kxg7 13. b4 Rab8 14. Qb2 f6 15. Rac1 b6 16. Ne4 Bxf3 17. Bxf3 a5 18. bxa5 Nxa5 19. e3 c5 20. Rfd1 Nac6 21. Bg2 Rfd8 1/2-1/2

[Event "SRB-chT Men 1st League 2019"]
[Site "Subotica"]
[Date "2019.08.23"]
[Round "2.11"]
[White "Roganovic, Milos"]
[Black "Radlovacki, Jovan"]
[Result "0-1"]
[ECO "B12"]
[WhiteElo "2505"]
[BlackElo "2265"]
[Annotator "ChessBase"]
[PlyCount "46"]
[EventDate "2019.08.23"]
[EventType "team-tourn"]
[EventCountry "SRB"]
[SourceTitle "playchess.com"]
[Source "ChessBase"]
[SourceQuality "1"]
[TimeControl "40/5400+30:1800+30"]

1. e4 c6 2. d4 d5 3. e5 Bf5 4. Nf3 e6 5. Be2 Ne7 6. O-O h6 7. a4 g5 8. Ne1 c5 9. dxc5 Nd7 10. Nd3 Nc6 11. f4 Nxc5 12. Nd2 Ne4 13. Kh1 Qc7 14. Nxe4 dxe4 15. Nf2 h5 16. c3 Rd8 17. Qe1 gxf4 18. Bxf4 Bh6 19. Bg3 Bd2 20. Qb1 h4 21. Nxe4 hxg3 22. h3 Qxe5 23. Bf3 Rh4 0-1

[Event "SRB-chT Men 1st League 2019"]
[Site "Subotica"]
[Date "2019.08.23"]
[Round "2.12"]
[White "Sredojevic, Ivan"]
[Black "Zajic, Milan"]
[Result "1/2-1/2"]
[ECO "A22"]
[WhiteElo "2232"]
[BlackElo "2497"]
[Annotator "ChessBase"]
[PlyCount "116"]
[EventDate "2019.08.23"]
[EventType "team-tourn"]
[EventCountry "SRB"]
[SourceTitle "playchess.com"]
[Source "ChessBase"]
[SourceQuality "1"]
[TimeControl "40/5400+30:1800+30"]

1. c4 e5 2. e3 Nf6 3. Nc3 Bb4 4. Nge2 O-O 5. a3 Bxc3 6. Nxc3 d5 7. cxd5 Nxd5 8. Qc2 Nc6 9. Be2 Re8 10. O-O Nxc3 11. Qxc3 Qg5 12. f4 Qg6 13. fxe5 Nxe5 14. b4 Bf5 15. Bb2 Rad8 16. Rf2 c6 17. Raf1 Be4 18. Qc5 b6 19. Qc1 Nd3 20. Bxd3 Rxd3 21. Bd4 Bd5 22. Bc3 h5 23. Qe1 Be4 24. Qe2 Rd7 25. Rc1 Rd5 26. h4 Bd3 27. Qe1 Be4 28. Qe2 Bd3 29. Qe1 Re4 30. Rf4 Rxf4 31. exf4 Be4 32. Qf2 Rd3 33. Kh2 Qg4 34. Re1 Bxg2 35. Re3 Rxe3 36. Qxe3 Bf3 37. Qf2 Be4 38. Qg3 Qe2+ 39. Kg1 f6 40. Bxf6 Qd1+ 41. Kf2 Qxd2+ 42. Kg1 Qd1+ 43. Kf2 Qc2+ 44. Kg1 Bg6 45. Be5 Qc1+ 46. Kf2 Kh7 47. Qc3 Qh1 48. Qg3 Qe4 49. Qc3 Bf5 50. Qf3 Qxf3+ 51. Kxf3 c5 52. bxc5 bxc5 53. Ke3 Kg6 54. Bd6 c4 55. Kd4 Be6 56. Be7 Kf5 57. Bg5 Kg4 58. Kc3 Kf3 1/2-1/2

[Event "SRB-chT Men 1st League 2019"]
[Site "Subotica"]
[Date "2019.08.24"]
[Round "3.3"]
[White "Savic, Miodrag R"]
[Black "Miladinovic, Igor"]
[Result "1-0"]
[ECO "B13"]
[WhiteElo "2472"]
[BlackElo "2532"]
[Annotator "ChessBase"]
[PlyCount "105"]
[EventDate "2019.08.23"]
[EventType "team-tourn"]
[EventCountry "SRB"]
[SourceTitle "playchess.com"]
[Source "ChessBase"]
[SourceQuality "1"]
[TimeControl "40/5400+30:1800+30"]

1. e4 c6 2. d4 d5 3. exd5 cxd5 4. Bd3 Nc6 5. c3 Nf6 6. Ne2 g6 7. O-O Bg7 8. Re1 O-O 9. Ng3 Qd6 10. Na3 Bg4 11. Qb3 a6 12. h3 Bd7 13. Qb6 Rfe8 14. Nc2 Bf8 15. Bg5 Be6 16. a4 Nd7 17. Qb3 f6 18. Bf4 Na5 19. Qa2 Qb6 20. b4 Nc4 21. a5 Qc6 22. b5 axb5 23. Nb4 Qc8 24. Bxc4 dxc4 25. Rxe6 Nc5 26. Re2 Nb3 27. Rae1 g5 28. Be3 Rxa5 29. Qc2 Qd7 30. Qe4 e6 31. Qf3 Qf7 32. Ne4 Kg7 33. h4 h6 34. hxg5 hxg5 35. Qg3 Qg6 36. Nd6 Re7 37. Nc8 Rf7 38. Qb8 Ra1 39. Nd6 Rd7 40. Ne8+ Kg8 41. Nc7 Qf7 42. Rxa1 Nxa1 43. d5 exd5 44. Bc5 Rxc7 45. Bxf8 Rd7 46. Re7 Rxe7 47. Bxe7+ Kg7 48. Qd6 d4 49. Nd5 b4 50. Bxf6+ Kh7 51. Ne7 Qh5 52. Qxd4 Qe2 53. Qd8 1-0

[Event "SRB-chT Men 1st League 2019"]
[Site "Subotica"]
[Date "2019.08.24"]
[Round "3.5"]
[White "Markovic, Miroslav"]
[Black "Lazic, Miroljub"]
[Result "0-1"]
[ECO "C28"]
[WhiteElo "2394"]
[BlackElo "2387"]
[Annotator "NA"]
[PlyCount "84"]
[EventDate "2019.08.23"]
[EventType "team-tourn"]
[EventCountry "SRB"]
[SourceTitle "playchess.com"]
[Source "ChessBase"]
[SourceQuality "1"]
[TimeControl "40/5400+30:1800+30"]

1. e4 e5 2. Nc3 Nf6 3. Bc4 Nc6 4. d3 Na5 5. Qf3 Nxc4 6. dxc4 d6 7. Nge2 Be7 8. Bg5 Be6 9. Bxf6 Bxf6 10. Qd3 O-O 11. O-O c6 12. Rad1 Be7 13. b3 g6 14. Kh1 Qa5 15. a4 Rad8 16. h3 Qc5 17. f4 exf4 18. Nxf4 Bc8 19. Nce2 Qe5 20. Nd4 Rde8 21. Nfe2 Bd8 22. Nc3 Ba5 23. Rf2 Re7 24. Rdf1 Rfe8 25. Rf4 Bc7 26. R4f2 d5 27. Nf3 dxe4 28. Nxe5 exd3 29. Nxd3 h5 30. Rf3 h4 31. Kg1 Bg3 32. a5 Bf5 33. a6 bxa6 34. Ra1 a5 35. Rff1 Re3 36. Rad1 Kg7 37. Rd2 R8e7 38. Rdd1 Rd7 39. Rf3 Rxf3 40. gxf3 Bxh3 41. Ne4 Bc7 42. Nec5 Re7 0-1

[Event "SRB-chT Men 1st League 2019"]
[Site "Subotica"]
[Date "2019.08.24"]
[Round "3.6"]
[White "Laketic, Gojko"]
[Black "Drazic, Sinisa"]
[Result "1/2-1/2"]
[ECO "D75"]
[WhiteElo "2376"]
[BlackElo "2379"]
[Annotator "NA"]
[PlyCount "36"]
[EventDate "2019.08.23"]
[EventType "team-tourn"]
[EventCountry "SRB"]
[SourceTitle "playchess.com"]
[Source "ChessBase"]
[SourceQuality "1"]
[TimeControl "40/5400+30:1800+30"]

1. c4 c5 2. Nf3 g6 3. g3 Bg7 4. Bg2 Nf6 5. Nc3 O-O 6. O-O d5 7. cxd5 Nxd5 8. d4 cxd4 9. Nxd4 Nxc3 10. bxc3 Nc6 11. Nxc6 bxc6 12. Qxd8 Rxd8 13. Bxc6 Rb8 14. Bf4 Rb2 15. Bf3 Ba6 16. Rfd1 Rf8 17. Rdb1 Bxc3 18. Rxb2 Bxb2 1/2-1/2

[Event "SRB-chT Men 1st League 2019"]
[Site "Subotica"]
[Date "2019.08.24"]
[Round "3.8"]
[White "Perunovic, Milos"]
[Black "Pap, Misa"]
[Result "0-1"]
[ECO "C43"]
[WhiteElo "2569"]
[BlackElo "2454"]
[Annotator "ChessBase"]
[PlyCount "102"]
[EventDate "2019.08.23"]
[EventType "team-tourn"]
[EventCountry "SRB"]
[SourceTitle "playchess.com"]
[Source "ChessBase"]
[SourceQuality "1"]
[TimeControl "40/5400+30:1800+30"]

1. e4 e5 2. Nf3 Nf6 3. d4 Nxe4 4. Bd3 d5 5. Nxe5 Nd7 6. O-O Nxe5 7. dxe5 Nc5 8. f4 Nxd3 9. Qxd3 g6 10. Nc3 Bc5+ 11. Kh1 c6 12. Ne2 Bf5 13. Qc3 Qb6 14. Ng3 Be6 15. f5 gxf5 16. Bg5 Rg8 17. Qd2 h6 18. Bf6 Rg6 19. Nxf5 Kd7 20. c3 a5 21. Rab1 Rag8 22. g3 Rg4 23. Rf4 Rxf4 24. Qxf4 Qb5 25. Qf1 Qa4 26. b4 axb4 27. cxb4 Bb6 28. Ng7 Qc2 29. Re1 Rxg7 30. Bxg7 d4 31. Bf8 d3 32. Bc5 Bxc5 33. bxc5 Bd5+ 34. Kg1 Qxc5+ 35. Qf2 Qc4 36. a3 c5 37. h3 Be6 38. Rd1 Qd5 39. Qe3 Bf5 40. g4 Bg6 41. a4 Be4 42. Re1 Bf3 43. Qd2 Qd4+ 44. Kf1 c4 45. e6+ fxe6 46. Qxh6 Bd5 47. Qe3 Qb2 48. Qf2 Qxf2+ 49. Kxf2 d2 50. Rg1 c3 51. Ke2 Bf3+ 0-1

[Event "SRB-chT Men 1st League 2019"]
[Site "Subotica"]
[Date "2019.08.24"]
[Round "3.9"]
[White "Lajthajm, Borko"]
[Black "Damljanovic, Branko"]
[Result "1-0"]
[ECO "B22"]
[WhiteElo "2414"]
[BlackElo "2483"]
[Annotator "ChessBase"]
[PlyCount "79"]
[EventDate "2019.08.23"]
[EventType "team-tourn"]
[EventCountry "SRB"]
[SourceTitle "playchess.com"]
[Source "ChessBase"]
[SourceQuality "1"]
[TimeControl "40/5400+30:1800+30"]

1. e4 c5 2. c3 e6 3. Nf3 Nf6 4. e5 Nd5 5. Na3 Nc6 6. Bb5 Qc7 7. Bxc6 Qxc6 8. d3 Be7 9. O-O b6 10. c4 Nc7 11. Bg5 Bb7 12. Bxe7 Kxe7 13. d4 d6 14. Qd2 Rhd8 15. Qg5+ Kf8 16. Rad1 h6 17. Qg3 d5 18. b3 dxc4 19. Nxc4 Ba6 20. Rc1 Nd5 21. Rfd1 Bxc4 22. Rxc4 Qb5 23. Rdc1 Rac8 24. dxc5 Rxc5 25. Rxc5 bxc5 26. Qh4 Rc8 27. h3 Qe2 28. Rxc5 Ra8 29. Ra5 Kg8 30. Qc4 Qd1+ 31. Kh2 Nb6 32. Qc7 Qf1 33. Rxa7 Rxa7 34. Qxa7 Qxf2 35. Qb8+ Kh7 36. Qb7 Kg8 37. Qb8+ Kh7 38. Qc7 Kg8 39. Qd8+ Kh7 40. Qd4 1-0

[Event "SRB-chT Men 1st League 2019"]
[Site "Subotica"]
[Date "2019.08.24"]
[Round "3.10"]
[White "Tadic, Branko"]
[Black "Arsovic, Zoran"]
[Result "1/2-1/2"]
[ECO "D41"]
[WhiteElo "2488"]
[BlackElo "2370"]
[Annotator "ChessBase"]
[PlyCount "44"]
[EventDate "2019.08.23"]
[EventType "team-tourn"]
[EventCountry "SRB"]
[SourceTitle "playchess.com"]
[Source "ChessBase"]
[SourceQuality "1"]
[TimeControl "40/5400+30:1800+30"]

1. Nf3 c5 2. c4 Nc6 3. Nc3 Nf6 4. g3 d5 5. cxd5 Nxd5 6. Bg2 e6 7. O-O Be7 8. Nxd5 exd5 9. d4 O-O 10. dxc5 Bxc5 11. Bg5 Qd7 12. Rc1 Bb6 13. Bd2 Qe7 14. Bc3 Rd8 15. e3 Bf5 16. Qb3 Be4 17. Rfd1 Rac8 18. Nd4 Nxd4 19. Bxd4 Rxc1 20. Rxc1 Bxd4 21. exd4 Bxg2 22. Kxg2 g6 1/2-1/2

[Event "SRB-chT Men 1st League 2019"]
[Site "Subotica"]
[Date "2019.08.24"]
[Round "3.11"]
[White "Radlovacki, Jovan"]
[Black "Nestorovic, Nikola"]
[Result "0-1"]
[ECO "B31"]
[WhiteElo "2265"]
[BlackElo "2468"]
[Annotator "ChessBase"]
[PlyCount "76"]
[EventDate "2019.08.23"]
[EventType "team-tourn"]
[EventCountry "SRB"]
[SourceTitle "playchess.com"]
[Source "ChessBase"]
[SourceQuality "1"]
[TimeControl "40/5400+30:1800+30"]

1. e4 c5 2. Nf3 Nc6 3. Bb5 g6 4. Bxc6 dxc6 5. d3 Bg7 6. h3 Nf6 7. Nc3 Nd7 8. O-O e5 9. Be3 b6 10. a3 Qe7 11. Qd2 h6 12. Nh2 Nf8 13. b4 Ne6 14. bxc5 f5 15. exf5 gxf5 16. f4 exf4 17. Bf2 bxc5 18. Rae1 O-O 19. Ne2 Qd6 20. Nf3 c4 21. d4 a5 22. c3 Rb8 23. a4 Rb3 24. Nc1 Rb8 25. Ne5 Ba6 26. Nf3 Ng5 27. Nxg5 hxg5 28. Ne2 Bh6 29. Kh1 g4 30. Qc2 Bb7 31. Bh4 gxh3 32. Ng1 c5 33. Nxh3 Be4 34. Qa2 Rb3 35. dxc5 Qg6 36. Qe2 Rxc3 37. Rf3 Rc2 38. Qf1 Qh5 0-1

[Event "SRB-chT Men 1st League 2019"]
[Site "Subotica"]
[Date "2019.08.24"]
[Round "3.12"]
[White "Nestorovic, Lazar"]
[Black "Sredojevic, Ivan"]
[Result "1/2-1/2"]
[ECO "B07"]
[WhiteElo "2374"]
[BlackElo "2232"]
[Annotator "NA"]
[PlyCount "48"]
[EventDate "2019.08.23"]
[EventType "team-tourn"]
[EventCountry "SRB"]
[SourceTitle "playchess.com"]
[Source "ChessBase"]
[SourceQuality "1"]
[TimeControl "40/5400+30:1800+30"]

1. e4 d6 2. d4 Nf6 3. Nc3 e5 4. Nge2 c6 5. a4 Nbd7 6. g3 g6 7. Bg2 Bg7 8. O-O O-O 9. h3 a5 10. Be3 exd4 11. Bxd4 Re8 12. g4 Nb6 13. Ng3 d5 14. e5 Nfd7 15. f4 f6 16. exf6 Bxf6 17. f5 Qe7 18. fxg6 Bxd4+ 19. Qxd4 hxg6 20. Kh2 Qe3 21. Qd1 Ne5 22. Re1 Qf2 23. Rf1 Qe3 24. Re1 Qf2 1/2-1/2

[Event "SRB-chT Men 1st League 2019"]
[Site "Subotica"]
[Date "2019.08.25"]
[Round "4.2"]
[White "Ratkovic, Miloje"]
[Black "Perunovic, Milos"]
[Result "1/2-1/2"]
[ECO "D30"]
[WhiteElo "2431"]
[BlackElo "2569"]
[Annotator "ChessBase"]
[PlyCount "25"]
[EventDate "2019.08.23"]
[EventType "team-tourn"]
[EventCountry "SRB"]
[SourceTitle "playchess.com"]
[Source "ChessBase"]
[SourceQuality "1"]
[TimeControl "40/5400+30:1800+30"]

1. d4 Nf6 2. Nf3 e6 3. c4 c5 4. e3 d5 5. cxd5 exd5 6. Bb5+ Nbd7 7. dxc5 a6 8. Be2 Nxc5 9. O-O Bd6 10. b3 O-O 11. Bb2 Bg4 12. Nc3 Rc8 13. Rc1 1/2-1/2

[Event "SRB-chT Men 1st League 2019"]
[Site "Subotica"]
[Date "2019.08.25"]
[Round "4.3"]
[White "Damljanovic, Branko"]
[Black "Ratkovic, Milovan"]
[Result "1/2-1/2"]
[ECO "D46"]
[WhiteElo "2483"]
[BlackElo "2411"]
[Annotator "ChessBase"]
[PlyCount "103"]
[EventDate "2019.08.23"]
[EventType "team-tourn"]
[EventCountry "SRB"]
[SourceTitle "playchess.com"]
[Source "ChessBase"]
[SourceQuality "1"]
[TimeControl "40/5400+30:1800+30"]

1. c4 c6 2. d4 d5 3. Nf3 Nf6 4. Nc3 e6 5. e3 Nbd7 6. Qc2 Bd6 7. Be2 O-O 8. O-O dxc4 9. Bxc4 b5 10. Bd3 Bb7 11. Rd1 Qb8 12. h3 h6 13. b3 a6 14. Ne4 Nxe4 15. Bxe4 Nf6 16. Bd3 Rc8 17. Qe2 c5 18. dxc5 Bxc5 19. Bb2 Qc7 20. a4 b4 21. Rac1 Qe7 22. Ne5 Rd8 23. Bc4 a5 24. Bb5 Rxd1+ 25. Rxd1 Bd5 26. Bc6 Bxc6 27. Nxc6 Qb7 28. Ne5 Nd5 29. Qf3 Bf8 30. Rc1 Rd8 31. g3 f6 32. Nc4 Qa7 33. Bd4 Bc5 34. Nxa5 Bxd4 35. Nc6 Qc7 36. Rc4 Bb6 37. Nxd8 Qxd8 38. Qe4 Qd7 39. Qd3 Qa7 40. Qg6 Qd7 41. Qd3 f5 42. Rxb4 Qd6 43. Rb5 Bxe3 44. fxe3 Qxg3+ 45. Kf1 Qf3+ 46. Ke1 Nxe3 47. Kd2 Qf2+ 48. Kc3 Qe1+ 49. Kb2 Qf2+ 50. Kc3 Qe1+ 51. Kb2 Qf2+ 52. Kc3 1/2-1/2

[Event "SRB-chT Men 1st League 2019"]
[Site "Subotica"]
[Date "2019.08.25"]
[Round "4.4"]
[White "Popov, Sinisa S"]
[Black "Tadic, Branko"]
[Result "0-1"]
[ECO "D73"]
[WhiteElo "2440"]
[BlackElo "2488"]
[Annotator "ChessBase"]
[PlyCount "54"]
[EventDate "2019.08.23"]
[EventType "team-tourn"]
[EventCountry "SRB"]
[SourceTitle "playchess.com"]
[Source "ChessBase"]
[SourceQuality "1"]
[TimeControl "40/5400+30:1800+30"]

1. Nf3 Nf6 2. d4 g6 3. g3 d5 4. Bg2 c6 5. O-O Bg7 6. c4 dxc4 7. Nbd2 b5 8. e4 O-O 9. e5 Nd5 10. Ne4 a5 11. a3 Na6 12. Bg5 f5 13. Nc3 Nac7 14. Qd2 Nxc3 15. bxc3 Nd5 16. h4 f4 17. Bxf4 Nxf4 18. gxf4 Qd7 19. Rfe1 Qg4 20. Nh2 Qxh4 21. Bxc6 Bh6 22. Re4 Rb8 23. Rae1 Bf5 24. R4e3 Bxf4 25. Nf1 Bd3 26. Ng3 Qg4 27. Kg2 h5 0-1

[Event "SRB-chT Men 1st League 2019"]
[Site "Subotica"]
[Date "2019.08.25"]
[Round "4.5"]
[White "Nestorovic, Nikola"]
[Black "Budisavljevic, Luka"]
[Result "1/2-1/2"]
[ECO "D02"]
[WhiteElo "2468"]
[BlackElo "2359"]
[Annotator "ChessBase"]
[PlyCount "34"]
[EventDate "2019.08.23"]
[EventType "team-tourn"]
[EventCountry "SRB"]
[SourceTitle "playchess.com"]
[Source "ChessBase"]
[SourceQuality "1"]
[TimeControl "40/5400+30:1800+30"]

1. d4 Nf6 2. Nf3 e6 3. Nbd2 d5 4. c4 b6 5. g3 Bb7 6. Bg2 Be7 7. Qa4+ c6 8. O-O O-O 9. Qc2 Nbd7 10. e4 dxe4 11. Nxe4 c5 12. Nxf6+ Nxf6 13. Rd1 Qc8 14. Be3 cxd4 15. Bxd4 Be4 16. Qe2 Qb7 17. Bc3 Rfd8 1/2-1/2

[Event "SRB-chT Men 1st League 2019"]
[Site "Subotica"]
[Date "2019.08.25"]
[Round "4.6"]
[White "Besedes, Danilo"]
[Black "Ostojic, Nikola"]
[Result "1/2-1/2"]
[ECO "A30"]
[WhiteElo "2249"]
[BlackElo "2432"]
[Annotator "ChessBase"]
[PlyCount "27"]
[EventDate "2019.08.23"]
[EventType "team-tourn"]
[EventCountry "SRB"]
[SourceTitle "playchess.com"]
[Source "ChessBase"]
[SourceQuality "1"]
[TimeControl "40/5400+30:1800+30"]

1. Nf3 c5 2. c4 Nc6 3. b3 Nf6 4. Bb2 e6 5. e3 Be7 6. Nc3 O-O 7. Be2 b6 8. O-O Bb7 9. d4 cxd4 10. Nxd4 Qb8 11. Nxc6 Bxc6 12. Bf3 Rd8 13. Bxc6 dxc6 14. Qe2 1/2-1/2

[Event "SRB-chT Men 1st League 2019"]
[Site "Subotica"]
[Date "2019.08.25"]
[Round "4.9"]
[White "Miladinovic, Igor"]
[Black "Vratonjic, Slobo"]
[Result "1-0"]
[ECO "A45"]
[WhiteElo "2532"]
[BlackElo "2388"]
[Annotator "ChessBase"]
[PlyCount "84"]
[EventDate "2019.08.23"]
[EventType "team-tourn"]
[EventCountry "SRB"]
[SourceTitle "playchess.com"]
[Source "ChessBase"]
[SourceQuality "1"]
[TimeControl "40/5400+30:1800+30"]

1. d4 Nf6 2. Bg5 Ne4 3. Bf4 c5 4. f3 Qa5+ 5. c3 Nf6 6. Nd2 cxd4 7. Nb3 Qd8 8. cxd4 d5 9. e3 Nc6 10. Rc1 e6 11. g4 Bb4+ 12. Kf2 O-O 13. Bb5 Bd7 14. a3 Be7 15. Nc5 Bxc5 16. Rxc5 Re8 17. Ne2 e5 18. dxe5 Nxe5 19. Bxe5 Rxe5 20. Qd4 b6 21. Qxe5 bxc5 22. Bxd7 Qxd7 23. Rd1 Re8 24. Qf4 Qe6 25. Rd2 h6 26. h4 h5 27. g5 d4 28. e4 Nd7 29. b4 Ne5 30. bxc5 Qc4 31. Rxd4 Qxd4+ 32. Nxd4 Nd3+ 33. Ke3 Nxf4 34. Kxf4 Rd8 35. Ke3 Rc8 36. c6 Kf8 37. e5 g6 38. Ke4 Ke7 39. Kd5 a6 40. f4 Rc7 41. a4 Rc8 42. a5 Ra8 1-0

[Event "SRB-chT Men 1st League 2019"]
[Site "Subotica"]
[Date "2019.08.25"]
[Round "4.10"]
[White "Radovic, Janko"]
[Black "Miljkovic, Miroslav D"]
[Result "1/2-1/2"]
[ECO "B30"]
[WhiteElo "2430"]
[BlackElo "2483"]
[Annotator "ChessBase"]
[PlyCount "68"]
[EventDate "2019.08.23"]
[EventType "team-tourn"]
[EventCountry "SRB"]
[SourceTitle "playchess.com"]
[Source "ChessBase"]
[SourceQuality "1"]
[TimeControl "40/5400+30:1800+30"]

1. e4 c5 2. Nf3 Nc6 3. Bb5 e5 4. O-O Bd6 5. b4 cxb4 6. a3 bxa3 7. d4 exd4 8. c3 Nge7 9. cxd4 O-O 10. e5 Bb8 11. Bxa3 d5 12. Nc3 Bg4 13. Bxc6 bxc6 14. h3 Bd7 15. Na4 Bc7 16. Re1 Re8 17. Nc5 Ng6 18. Qa4 Nf4 19. Rac1 Rb8 20. Nxd7 Qxd7 21. Qxc6 Qxc6 22. Rxc6 Ba5 23. Re3 Rec8 24. Rxc8+ Rxc8 25. Bc5 Bb6 26. Bxb6 axb6 27. Rb3 Rc6 28. g3 Ne6 29. Kf1 h6 30. Ke2 Kf8 31. Ke3 Nc7 32. Ne1 Ke7 33. Nd3 Kd7 34. f4 g6 {[%emt 0:02:45] Ke4} 1/2-1/2

[Event "SRB-chT Men 1st League 2019"]
[Site "Subotica"]
[Date "2019.08.25"]
[Round "4.11"]
[White "Lazic, Miroljub"]
[Black "Simonovic, Aleksandar"]
[Result "1/2-1/2"]
[ECO "A11"]
[WhiteElo "2387"]
[BlackElo "2357"]
[Annotator "NA"]
[PlyCount "40"]
[EventDate "2019.08.23"]
[EventType "team-tourn"]
[EventCountry "SRB"]
[SourceTitle "playchess.com"]
[Source "ChessBase"]
[SourceQuality "1"]
[TimeControl "40/5400+30:1800+30"]

1. g3 Nf6 2. Bg2 d5 3. Nf3 g6 4. c4 c6 5. b3 Bg7 6. Bb2 O-O 7. d3 Nbd7 8. Nbd2 Re8 9. O-O e5 10. cxd5 cxd5 11. e4 dxe4 12. Nxe4 Nxe4 13. dxe4 Qe7 14. Nd2 Nb6 15. Qe2 Bd7 16. Rfd1 Bc6 17. Nf1 Rad8 18. Ne3 Rxd1+ 19. Rxd1 Rd8 20. Rxd8+ Qxd8 1/2-1/2